Map: [ESL] Moondance

Players

trigger

  • Race: Protoss Protoss
  • Spawn Location: 12:00

Scarlett - Winner!

  • Race: Zerg Zerg
  • Spawn Location: 6:00

Event: DreamHack SC2 Masters 2022 Atlanta (Online)

VOD

Have the link to the VOD?

Description

Time

  • Played on: Oct. 15, 2022, 3:11 p.m.
  • Length: 11:30

All games in this series

Show
View Real Time Build Order
Export as new Build Order

trigger Protoss 

Build Orders: 1 Gate Expand, Oracle Opening 

Get SALT Encoding   

  12  0:00  Probe  
  13  0:12  Probe  
  14  0:17  Pylon  
  14  0:24  Probe (Chrono Boost)  
  15  0:36  Probe (Chrono Boost)  
  15  0:38  Gateway  
  16  0:45  Probe (Chrono Boost)  
  16  0:47  Assimilator  
  17  0:50  Probe  
  18  1:03  Probe  
  19  1:15  Probe  
  20  1:25  Nexus  
  20  1:28  Probe  
  21  1:39  Cybernetics Core  
  21  1:42  Assimilator  
  21  1:45  Probe  
  22  1:51  Pylon  
  22  1:57  Probe  
  23  2:09  Probe (Chrono Boost)  
  24  2:15  Adept, Warp Gate  
  24  2:19  Probe (Chrono Boost)  
  27  2:24  Probe (Chrono Boost)  
  27  2:29  Stargate  
  28  2:35  Probe (Chrono Boost)  
  29  2:40  Probe (Chrono Boost)  
  31  2:44  Probe (Chrono Boost)  
  31  2:45  Stalker  
  31  2:47  Probe (Chrono Boost)  
  35  2:51  Probe (Chrono Boost)  
  35  2:52  Probe (Chrono Boost)  
  36  2:59  Gateway  
  36  3:02  Probe  
  36  3:04  Probe  
  38  3:10  Oracle (Chrono Boost)  
  38  3:14  Probe  
  38  3:16  Probe, Pylon  
  43  3:26  Probe  
  44  3:28  Probe  
  45  3:38  Probe  
  45  3:40  Probe  
  45  3:41  Nexus  
  47  3:45  Oracle (Chrono Boost)  
  50  3:50  Probe  
  50  3:52  Pylon  
  50  3:55  Probe  
  52  3:58  Assimilator  
  52  4:00  Assimilator  
  52  4:02  Probe  
  53  4:07  Probe  
  54  4:12  Pylon  
  54  4:14  Probe  
  54  4:15  Adept, Oracle  
  60  4:17  Adept  
  62  4:26  Pylon  
  62  4:29  Forge  
  62  4:30  Probe (Chrono Boost)  
  64  4:33  Probe (Chrono Boost)  
  64  4:42  Probe (Chrono Boost)  
  66  4:45  Probe (Chrono Boost)  
  66  4:47  Probe (Chrono Boost)  
  65  4:55  Probe (Chrono Boost)  
  65  4:57  Probe (Chrono Boost)  
  65  4:59  Twilight Council  
  64  5:00  Robotics Facility  
  64  5:01  Probe (Chrono Boost)  
  64  5:02  Sentry x2  
  64  5:04  Assimilator  
  64  5:05  Pylon  
  67  5:07  Probe (Chrono Boost)  
  67  5:10  Probe (Chrono Boost)  
  67  5:11  Protoss Ground Weapons Level 1, Probe (Chrono Boost)  
  67  5:12  Probe (Chrono Boost)  
  69  5:18  Probe  
  69  5:19  Pylon  
  69  5:21  Probe  
  71  5:22  Gateway  
  71  5:23  Probe  
  71  5:25  Gateway  
  72  5:29  Pylon  
  72  5:30  Probe  
  72  5:35  Stalker x2  
  77  5:38  Blink  
  77  5:43  Probe  
  77  5:46  Probe  
  77  5:49  Observer  
  80  5:52  Robotics Bay  
  80  5:54  Phoenix  
  80  5:55  Pylon  
  80  5:57  Nexus  
  80  6:00  Stalker x2  
  80  6:03  Probe x3  
  87  6:05  Pylon  
  87  6:13  Gateway  
  87  6:14  Gateway  
  87  6:15  Probe  
  87  6:17  Shield Battery  
  87  6:18  Sentry  
  90  6:22  Probe x2  
  90  6:23  Sentry x2  
  96  6:27  Probe  
  96  6:29  Gateway  
  96  6:30  Gateway  
  96  6:32  Gateway  
  97  6:34  Probe, Photon Cannon  
  97  6:37  Probe  
  97  6:38  Colossus (Chrono Boost)  
  99  6:45  Probe  
  99  6:46  Probe  
  107  6:54  Probe  
  108  6:56  Stalker x4  
  116  7:03  Shield Battery  
  116  7:04  Shield Battery  
  116  7:06  Shield Battery  
  116  7:09  Extended Thermal Lance  
  116  7:10  Probe  
  116  7:15  Stalker x2  
  121  7:16  Probe x2  
  121  7:18  Assimilator  
  121  7:21  Stalker  
  121  7:22  Stalker, Assimilator  
  127  7:26  Probe x2  
  129  7:30  Pylon  
  129  7:31  Pylon  
  129  7:32  Colossus (Chrono Boost)  
  135  7:46  Gateway, Protoss Ground Weapons Level 2  
  135  7:48  Gateway  
  135  7:51  Zealot x6  
  134  8:12  Stalker x2  
  136  8:13  Stalker x4  
  136  8:15  Colossus (Chrono Boost)  
  150  8:23  Stalker  
  152  8:31  Stalker  
  152  8:32  Gateway x2  
  152  8:33  Pylon  
  154  8:35  Pylon  
  154  8:40  Sentry  
  154  8:41  Sentry, Stalker x3  
  160  8:44  Pylon  
  160  8:47  Pylon  
  164  8:48  Pylon  
  164  8:50  Pylon  
  164  9:02  Nexus  
  160  9:08  Stalker x2  
  160  9:09  Stalker x6  
  137  9:19  Probe (Chrono Boost)  
  131  9:25  Probe x3 (Chrono Boost)  
  131  9:27  Disruptor  
  131  9:29  Charge  
  131  9:30  Probe (Chrono Boost)  
  135  9:32  Probe (Chrono Boost)  
  135  9:33  Probe (Chrono Boost)  
  135  9:34  Pylon  
  135  9:36  Templar Archives, Pylon  
  137  9:41  Gateway  
  137  9:42  Probe x2  
  137  9:43  Probe  
  137  9:44  Gateway, Pylon  
  140  9:52  Pylon  
  140  9:56  Photon Cannon  
  140  9:57  Photon Cannon  
  140  9:59  Photon Cannon  
  140  10:02  Shield Battery  
  140  10:03  Disruptor  
  143  10:07  Photon Cannon  
  143  10:10  Zealot x2, Photon Cannon  
  137  10:15  Probe (Chrono Boost)  
  137  10:18  Probe (Chrono Boost)  
  137  10:21  Probe x2 (Chrono Boost)  
  119  10:26  Probe (Chrono Boost)  
  119  10:27  Probe (Chrono Boost)  
  123  10:30  Photon Cannon  
  123  10:31  Probe x3 (Chrono Boost)  
  123  10:32  Probe (Chrono Boost)  
  122  10:49  Probe x2 (Chrono Boost)  
  118  10:55  Probe x2 (Chrono Boost)  
  86  10:58  Probe x2 (Chrono Boost)  
  86  11:01  Stalker x2  
  86  11:02  Probe (Chrono Boost)  
  86  11:03  Probe x2 (Chrono Boost)  
  73  11:18  High Templar x6  
  68  11:24  Archon x3  
  73  11:26  Stalker  
Show
View Real Time Build Order
Export as new Build Order

Scarlett Zerg - Winner!

Build Orders: Hatch First 

Get SALT Encoding   

  12  0:00  Drone  
  13  0:12  Overlord  
  13  0:17  Drone  
  14  0:31  Drone  
  15  0:43  Hatchery  
  15  0:47  Drone  
  15  0:51  Drone  
  15  0:54  Drone  
  17  0:59  Drone  
  18  1:07  Extractor  
  17  1:14  Spawning Pool  
  17  1:18  Drone  
  17  1:21  Drone  
  18  1:30  Drone  
  19  1:40  Drone  
  20  1:52  Overlord  
  20  2:01  Zergling x2, Queen x2  
  20  2:02  Drone  
  26  2:09  Drone  
  26  2:13  Drone  
  26  2:14  Metabolic Boost  
  28  2:22  Drone  
  29  2:26  Drone  
  30  2:35  Drone  
  31  2:37  Hatchery  
  31  2:44  Queen  
  30  2:49  Overlord  
  32  2:51  Drone  
  32  2:55  Drone  
  34  2:59  Drone x2  
  34  3:05  Overlord  
  36  3:10  Queen  
  36  3:11  Drone x2  
  40  3:13  Drone  
  40  3:15  Drone  
  42  3:20  Queen  
  44  3:27  Drone x2  
  44  3:28  Overlord  
  46  3:34  Drone  
  46  3:38  Zergling x2  
  48  3:44  Spore Crawler, Drone  
  47  3:49  Queen  
  47  3:53  Drone x6  
  55  4:02  Drone x4  
  57  4:07  Overlord  
  57  4:10  Evolution Chamber  
  57  4:12  Queen  
  58  4:18  Drone x4  
  62  4:24  Zergling x2  
  62  4:25  Zergling x6  
  66  4:34  Zergling x2  
  66  4:35  Zergling x8  
  70  4:40  Zerg Melee Weapons Level 1  
  68  4:48  Drone x6  
  68  4:51  Lair  
  72  4:53  Drone  
  72  4:59  Drone  
  73  5:00  Overlord  
  73  5:14  Hatchery  
  72  5:18  Drone x10, Roach Warren, Extractor  
  72  5:19  Extractor x2  
  78  5:23  Spore Crawler, Drone x3  
  78  5:25  Drone x2, Extractor  
  81  5:35  Drone x4  
  82  5:36  Overlord  
  82  5:40  Overlord  
  82  5:46  Overlord x2  
  82  5:50  Overlord x2  
  82  5:53  Spore Crawler  
  82  5:56  Zergling x12  
  82  5:57  Zergling x4  
  88  6:03  Drone  
  88  6:04  Drone  
  90  6:06  Drone  
  91  6:11  Hatchery  
  91  6:12  Drone x2  
  91  6:14  Glial Reconstitution  
  91  6:16  Roach x2  
  96  6:21  Roach x3  
  102  6:28  Roach x4  
  110  6:36  Zerg Melee Weapons Level 2  
  110  6:40  Baneling Nest  
  110  6:43  Drone x9  
  118  6:49  Drone x5  
  118  6:50  Overlord  
  118  6:52  Overseer  
  123  6:59  Drone x3  
  123  7:00  Zergling x2  
  123  7:01  Zergling x8  
  131  7:06  Drone x2  
  133  7:09  Overlord x3  
  133  7:15  Overlord  
  133  7:16  Overlord x2  
  133  7:21  Ravager x6  
  133  7:22  Zergling x8  
  143  7:23  Centrifugal Hooks  
  143  7:25  Overlord  
  143  7:28  Zergling x8  
  147  7:32  Zergling x8  
  147  7:37  Zergling x8  
  152  7:43  Extractor  
  152  7:44  Zergling x14  
  160  7:53  Zergling x2  
  160  7:54  Zergling x12  
  162  8:03  Roach x3  
  162  8:04  Roach x6  
  162  8:12  Drone x6  
  161  8:16  Roach  
  158  8:22  Roach x3  
  158  8:23  Zergling x4, Roach x2  
  170  8:30  Baneling, Ravager  
  170  8:31  Baneling x27  
  170  8:33  Zergling x18  
  180  8:40  Zergling x10  
  185  8:42  Pneumatized Carapace  
  185  8:49  Zergling x12  
  185  8:53  Zergling x12  
  197  9:02  Zergling x4  
  195  9:03  Zergling x2  
  195  9:08  Zergling x16  
  197  9:16  Zergling x20  
  196  9:21  Zergling x6  
  196  9:23  Zerg Missile Weapons Level 1  
  192  9:24  Infestation Pit  
  192  9:25  Zergling x6  
  192  9:26  Overlord  
  192  9:28  Baneling x14  
  192  9:30  Baneling x10  
  194  9:33  Zergling x4  
  194  9:37  Drone, Extractor  
  196  9:44  Baneling x9  
  196  9:51  Hatchery  
  195  9:55  Zergling x2  
  195  9:56  Zergling x8  
  200  10:00  Evolution Chamber  
  200  10:02  Hydralisk Den, Hive  
  200  10:05  Zergling x4  
  191  10:18  Baneling x3  
  191  10:19  Baneling x12  
  187  10:24  Zergling x26  
  187  10:26  Overlord x2  
  200  10:32  Extractor  
  200  10:33  Spine Crawler x2, Overlord  
  197  10:38  Zergling x10  
  172  10:50  Roach x10  
  172  10:51  Roach x3  
  179  11:02  Roach x13  
  189  11:08  Roach x5  
  194  11:27  Extractor  
Tags
 
Add a new tag
Caveats
  • Supply blocks, unpowered buildings, or Contaminate may cause inaccurate times.
  • Supply counts are checked every 10 seconds.